 Dungeon Crawl Stone Soup version 0.25-a0-942-g87a53962fc (webtiles) character file.

Game seed: 16657761381046636580, levelgen mode: deterministic

173 Flugslaktarn the Chopper (level 5, 0/47 HPs)
             Began as a Minotaur Fighter on May 7, 2020.
             Killed from afar by an orc wizard (2 damage)
             ... with a puff of flame
             ... on level 3 of the Dungeon.
             The game lasted 00:01:12 (2257 turns).

Flugslaktarn the Chopper (Minotaur Fighter)         Turns: 2257, Time: 00:01:13

Health: 0/47       AC: 13    Str: 22    XL:     5   Next: 28%
Magic:  4/4        EV:  4    Int:  5    God:
Gold:   142        SH: 13    Dex:  9    Spells: 4/4 levels left

rFire    . . .     SeeInvis .   a - +0 war axe
rCold    . . .     Gourm    .   c - +0 kite shield
rNeg     . . .     Faith    .   t - +0 plate armour
rPois    .         Spirit   .   (helmet restricted)
rElec    .         Reflect  +   (no cloak)
rCorr    .         Harm     .   u - +0 pair of gloves
MR       .....                  (no boots)
Stlth    ..........             k - +4 amulet of reflection
HPRegen  0.15/turn              (no ring)
MPRegen  0.09/turn              (no ring)

@: mighty
A: retaliatory headbutt, horns 2
a: no special abilities


You were on level 3 of the Dungeon.
You were hungry.

You visited 1 branch of the dungeon, and saw 3 of its levels.

You collected 142 gold pieces.

Inventory:

Hand Weapons
 a - a +0 war axe (weapon)
Armour
 c - a +0 kite shield (worn)
 t - a +0 plate armour (worn)
   (You found it on level 3 of the Dungeon)
 u - a +0 pair of gloves (worn)
   (You found it on level 3 of the Dungeon)
Jewellery
 k - a +4 amulet of reflection (around neck)
   (You found it on level 1 of the Dungeon)
Scrolls
 f - 3 scrolls of teleportation {unknown}
 h - a scroll of fog {unknown}
 i - a scroll of identify {unknown}
 o - a scroll of amnesia {unknown}
 q - a scroll of enchant armour {unknown}
 r - a scroll of immolation {unknown}
 s - a scroll of blinking {unknown}
Potions
 b - 2 potions of heal wounds {unknown}
 g - a potion of cancellation {unknown}
 j - a potion of magic {unknown}
 m - a potion of stabbing {unknown}
 n - a potion of lignification {unknown}
 p - a potion of invisibility {unknown}
Comestibles
 e - 4 rations
 l - 2 chunks of flesh


   Skills:
 + Level 4.5 Fighting
 * Level 4.6 Axes
 + Level 4.5 Armour
 + Level 4.5 Shields


You had 4 spell levels left.
You didn't know any spells.
Your spell library was empty.

Dungeon Overview and Level Annotations

Branches:
Dungeon (3/15)

Altars:
Dithmenos
The Shining One


Innate Abilities, Weirdness & Mutations

You reflexively headbutt those who attack you in melee.
You have a pair of horns on your head.


Message History

You are too injured to fight recklessly!
You are too injured to fight recklessly!
Unknown command.
You feel very mighty all of a sudden. You block the orc priest's attack.
Something hits you but does no damage. You block the orc's attack.
Unknown command.
Your shield and plate armour prevent you from hitting something.
You slash the orc priest!
You kill the orc priest!
You hear some strange, mumbled words.
A puff of flame appears from out of thin air!
The puff of flame hits you!
* * * LOW HITPOINT WARNING * * *
You block the orc's attack.
You closely miss something.
You hear some strange, mumbled words.
A puff of flame appears from out of thin air!
The puff of flame hits you.
You die...

...(......#..)#........
............#.#.........
....>.....#.#............
...............##.....>..
......................?..
...............#.........
##.......................
###..#.#.....o){<.......
##.#.#......#@........
#.#........##.......$
##...oooo###)......
##..g...# #......
......... ......
....[...... #####
...........


You could see an orc.

Vanquished Creatures
  An orc priest (D:3)
  An orc wizard (D:3)
  A gnoll (D:1)
  3 adders (D:2)
  2 oozes (D:3)
  A worm (D:2)
  A dart slug (D:2)
  2 leopard geckos
  2 orcs (D:3)
  3 giant cockroaches
  11 goblins
  10 hobgoblins
  2 quokkas
  3 bats
  5 frilled lizards
  9 kobolds
  8 rats
65 creatures vanquished.

Notes
Turn   | Place    | Note
-------+----------+-------------------------------------------
     0 | D:1      | Flugslaktarn the Minotaur Fighter began the quest for the
                  | Orb.
     0 | D:1      | Reached XP level 1. HP: 19/19 MP: 0/0
   136 | D:1      | Reached XP level 2. HP: 27/27 MP: 1/1
   633 | D:1      | Reached XP level 3. HP: 22/33 MP: 2/2
  1137 | D:2      | Found a glowing golden altar of the Shining One.
  1512 | D:2      | Reached XP level 4. HP: 28/40 MP: 3/3
  1940 | D:2      | Found a shadowy altar of Dithmenos.
  1944 | D:2      | You fall into a shaft and drop 1 floor!
  2235 | D:3      | Reached XP level 5. HP: 47/47 MP: 4/4
  2256 | D:3      | HP: 2/47 [something/puff of flame (7)]
  2257 | D:3      | Killed from afar by an orc wizard

Levels and vault maps discovered:
D:1:      roderic_octagonal_star, layout_basic, grunt_decor_mini_mirrors
D:2:      layout_loops_ring, lemuel_round_altar,
          nicolae_dithmenos_through_a_glass_darkly
D:3:      layout_rooms

Skill      XL: |  1  2  3  4 |
---------------+-------------+-----
Axes           | 3 4 |  4.6
Fighting       | 4 |  4.5
Armour         | 4 |  4.5
Shields        | 4 |  4.5

Action                   |  1- 3 |  4- 6 || total
-------------------------+-------+-------++-------
Melee: War axe           |   114 |    54 ||   168
       Headbutt          |    15 |     9 ||    24
  Use: Potion            |       |     1 ||     1
  Eat: Chunk             |     2 |     2 ||     4
Armor: Scale mail        |    42 |    10 ||    52
       Plate armour      |       |    23 ||    23
Dodge: Dodged            |    29 |    12 ||    41
Block: Kite shield       |    61 |    36 ||    97

Table legend:
 A = Non-vault XP
 B = Vault XP
 C = Vault XP percentage of total XP
 D = Non-vault monster count
 E = Vault monster count
 F = Vault count percentage of total count
                 A         B        C        D         E       F
            +---------+---------+-------+---------+---------+-------
      Total |     248 |       0 |   0.0 |      65 |       0 |   0.0
            +---------+---------+-------+---------+---------+-------
        D:1 |      55 |       0 |   0.0 |      25 |       0 |   0.0
        D:2 |      77 |       0 |   0.0 |      23 |       0 |   0.0
        D:3 |     116 |       0 |   0.0 |      17 |       0 |   0.0
            +---------+---------+-------+---------+---------+-------
